 Dungeon Crawl Stone Soup version 0.29.1-2-gbd0b4ee654 (webtiles) character file.

Game seed: 12570078115327372405

100 qeuew the Skirmisher (level 4, -1/38 HPs)
             Began as a Gnoll Hunter on Nov 4, 2022.
             Slain by an orc wizard
             ... wielding a +0 dagger
              (3 damage)
             ... on level 2 of the Dungeon.
             The game lasted 00:04:16 (2173 turns).

qeuew the Skirmisher (Gnoll Hunter)                 Turns: 2173, Time: 00:04:17

Health: -1/38      AC:  7    Str: 10    XL:     4   Next: 73%
Magic:  5/5        EV: 14    Int:  8    God:
Gold:   152        SH:  0    Dex: 18    Spells: 5/5 levels left

rFire   . . .      SeeInvis .   e - +0 long sword
rCold   + . .      Faith    .   (no shield)
rNeg    . . .      Spirit   .   c - +0 leather armour
rPois   .          Reflect  .   k - +2 helmet
rElec   .          Harm     .   (no cloak)
rCorr   .          Rampage  .   (no gloves)
Will    .....                   m - +0 pair of boots
Stlth   +.........              (no amulet)
HPRegen 0.12/turn               d - ring of protection from cold
MPRegen 0.09/turn               (no ring)

@: silenced
A: fangs 1, strong nose, distributed training
a: no special abilities


You were on level 2 of the Dungeon.
You visited 1 branch of the dungeon, and saw 3 of its levels.

You collected 152 gold pieces.

Inventory:

Hand Weapons
 a - a +0 shortbow
 e - a +0 long sword (weapon)
Armour
 c - a +0 leather armour (worn)
 k - a +2 helmet (worn)
 m - a +0 pair of boots (worn)
Jewellery
 d - a ring of protection from cold (left hand)
Scrolls
 b - a scroll of immolation
 i - a scroll of enchant weapon
 j - a scroll of amnesia
 o - a scroll of fog
Potions
 p - a potion of mutation


   Skills:
 + Level 4.7 Fighting
 + Level 1.2 Short Blades
 + Level 1.2 Long Blades
 + Level 1.2 Axes
 + Level 1.2 Maces & Flails
 + Level 1.2 Polearms
 + Level 1.2 Staves
 + Level 8.6 Ranged Weapons
 + Level 1.2 Throwing
 + Level 1.2 Armour
 + Level 4.7 Dodging
 + Level 2.6 Stealth
 + Level 1.2 Shields
 + Level 1.2 Unarmed Combat
 + Level 1.2 Spellcasting
 + Level 1.0 Conjurations
 + Level 1.0 Hexes
 + Level 1.0 Summonings
 + Level 1.0 Necromancy
 + Level 1.0 Translocations
 + Level 1.0 Transmutations
 + Level 1.0 Fire Magic
 + Level 1.0 Ice Magic
 + Level 1.0 Air Magic
 + Level 1.0 Earth Magic
 + Level 1.0 Poison Magic
 + Level 1.4 Invocations
 + Level 1.2 Evocations


You had 5 spell levels left.
You didn't know any spells.
Your spell library was empty.

Dungeon Overview and Level Annotations

Branches:
Dungeon (3/15)

Altars:
The Shining One

Annotations:
D:2 Terence


Innate Abilities, Weirdness & Mutations

You have very sharp teeth.
Your uncanny sense of smell can sniff out nearby items.
Your experience applies equally to all skills.


Message History

You hit the orc wizard.
You punch the orc wizard, but do no damage.
Your bite misses the orc wizard.
The orc wizard is moderately wounded.
Something hits you but does no damage.
The orc wizard points at you and mumbles some strange words.
The puff of flame hits you.
* * * LOW HITPOINT WARNING * * *
Unknown command.
You hit the orc wizard.
The orc wizard is moderately wounded.
Something barely misses you.
The orc wizard hits you but does no damage.
As you read the scroll of silence, it crumbles to dust.
A profound silence engulfs you. Something hits you but does no damage.
The orc wizard hits you but does no damage.
You barely miss the orc wizard.
The orc wizard is moderately wounded.
Something hits you but does no damage. The orc wizard completely misses you.
Something hits you but does no damage.
The orc wizard hits you with a +0 dagger.
* * * LOW HITPOINT WARNING * * *
You slash the orc wizard!
You kill the orc wizard!
Something hits you but does no damage.
Your Conjurations skill increases to level 1!
Your Hexes skill increases to level 1!
Your Summonings skill increases to level 1!
Your Necromancy skill increases to level 1!
Your Translocations skill increases to level 1!
Your Transmutations skill increases to level 1!
Your Fire Magic skill increases to level 1!
Your Ice Magic skill increases to level 1!
Your Air Magic skill increases to level 1!
Your Earth Magic skill increases to level 1!
Your Poison Magic skill increases to level 1!
You barely miss something. Something hits you but does no damage.
You closely miss something. Something hits you but does no damage.
Something hits you.
You die...

## #.
##############.
#............'.
#.############.
##.# #.
###..############.
#@)...............
#{################
#.# #.# #.# #.#
######
#.######≈~≈≈#
#.....##~≈~≈####
#......'≈~≈~'..###


There were no monsters in sight!

Vanquished Creatures
  An orc wizard (D:2)
  4 adders
  A dart slug (D:2)
  An orc (D:3)
  2 endoplasms
  4 giant cockroaches
  3 goblins (D:1)
  2 hobgoblins
  5 jackals (D:1)
  A kobold (D:2)
  A quokka (D:2)
  3 ball pythons (D:1)
  2 bats
  4 frilled lizards
  A rat (D:2)
35 creatures vanquished.

Vanquished Creatures (others)
  A plant (D:2)
1 creature vanquished.

Grand Total: 36 creatures vanquished

Notes
Turn   | Place    | Note
-------+----------+-------------------------------------------
     0 | D:1      | qeuew the Gnoll Hunter began the quest for the Orb.
     0 | D:1      | Reached XP level 1. HP: 20/20 MP: 1/1
   254 | D:1      | Reached XP level 2. HP: 26/26 MP: 2/2
   813 | D:2      | Reached XP level 3. HP: 31/31 MP: 3/3
   924 | D:2      | Found a glowing golden altar of the Shining One.
   977 | D:2      | Found a faded altar of an unknown god.
  1034 | D:2      | Reached skill level 1 in Invocations
  1222 | D:2      | Reached skill level 1 in Short Blades
  1222 | D:2      | Reached skill level 1 in Long Blades
  1222 | D:2      | Reached skill level 1 in Axes
  1222 | D:2      | Reached skill level 1 in Maces & Flails
  1222 | D:2      | Reached skill level 1 in Polearms
  1222 | D:2      | Reached skill level 1 in Staves
  1222 | D:2      | Reached skill level 1 in Throwing
  1222 | D:2      | Reached skill level 1 in Armour
  1222 | D:2      | Reached skill level 1 in Shields
  1222 | D:2      | Reached skill level 1 in Unarmed Combat
  1222 | D:2      | Reached skill level 1 in Spellcasting
  1222 | D:2      | Reached skill level 1 in Evocations
  1228 | D:2      | Noticed Terence
  1572 | D:2      | Reached XP level 4. HP: 37/38 MP: 5/5
  2172 | D:2      | Reached skill level 1 in Conjurations
  2172 | D:2      | Reached skill level 1 in Hexes
  2172 | D:2      | Reached skill level 1 in Summonings
  2172 | D:2      | Reached skill level 1 in Necromancy
  2172 | D:2      | Reached skill level 1 in Translocations
  2172 | D:2      | Reached skill level 1 in Transmutations
  2172 | D:2      | Reached skill level 1 in Fire Magic
  2172 | D:2      | Reached skill level 1 in Ice Magic
  2172 | D:2      | Reached skill level 1 in Air Magic
  2172 | D:2      | Reached skill level 1 in Earth Magic
  2172 | D:2      | Reached skill level 1 in Poison Magic
  2173 | D:2      | Slain by an orc wizard

Illustrated notes

Levels and vault maps discovered:
D:1:      dpeg_arrival_three_bigger_balls, layout_loops_ring,
          minmay_pentomino_w2
D:2:      layout_basic, shapermc_ecumenical_altar_acropolis, serial_rivers,
          chequers_serial_rivers_micro_c, chequers_serial_rivers_room_b,
          chequers_serial_rivers_micro_d, chequers_serial_rivers_large_b,
          basic_altar, uniq_terence
D:3:      layout_basic

Skill      XL: |  1  2  3  4 |
---------------+-------------+-----
Invocations    | 1 |  1.4
Short Blades   | 1 |  1.2
Long Blades    | 1 |  1.2
Axes           | 1 |  1.2
Maces & Flails | 1 |  1.2
Polearms       | 1 |  1.2
Staves         | 1 |  1.2
Throwing       | 1 |  1.2
Armour         | 1 |  1.2
Shields        | 1 |  1.2
Unarmed Combat | 1 |  1.2
Spellcasting   | 1 |  1.2
Evocations     | 1 |  1.2
Conjurations   | 1 |  1.0
Hexes          | 1 |  1.0
Summonings     | 1 |  1.0
Necromancy     | 1 |  1.0
Translocations | 1 |  1.0
Transmutations | 1 |  1.0
Fire Magic     | 1 |  1.0
Ice Magic      | 1 |  1.0
Air Magic      | 1 |  1.0
Earth Magic    | 1 |  1.0
Poison Magic   | 1 |  1.0
Fighting       | |  4.7
Ranged Weapons | |  8.6
Dodging        | |  4.7
Stealth        | |  2.6

Action                   |  1- 3 |  4- 6 || total
-------------------------+-------+-------++-------
Melee: Long sword        |       |     7 ||     7
       Punch             |       |     1 ||     1
 Fire: Shortbow          |    75 |    15 ||    90
  Use: Scroll            |     5 |     4 ||     9
Armor: Leather armour    |     5 |    13 ||    18
Dodge: Dodged            |    15 |     4 ||    19
